 Dungeon Sprint DCSS version 0.01-2115-ge649c80b0b (webtiles) character file.

Game seed: 14255512243792503230, levelgen mode: deterministic

58 Lanoc the Whippersnapper (level 3, 0/27 HPs) Lignifite Demonspawn. Began on June 6, 2020. Slain by a cinder newt (6 damage) ... in the Dungeon (Sprint IX: "|||||||||||||||||||||||||||||"). The game lasted 00:00:29 (100 turns).

Lanoc the Whippersnapper (Lignifite Demonspawn)      Turns: 100, Time: 00:00:30

Health: 0/27       AC:  1    Str: 19    XL:     3 ^: 14
Magic:  7/7        EV: 17    Int: 13    God:
Gold:   0          SH:  2    Dex:  8    Spells: 5/6 levels left

rFire    x . .     Vision   .   a - +0 flail
rCold    . . .     Gourm    .   (weapon restricted)
rNeg     . . .     Faith    .   b - +0 robe
rPois    +         Spirit   .   (helmet restricted)
rElec    .         Reflect  .   (no cloak)
rCorr    .         Harm     .   (gloves unavailable)
MR       .....     NoTele   +   (boots unavailable)
Stlth    ++........             (no amulet)
HPRegen  0.19/turn              (no ring)
MPRegen  0.17/turn              (no ring)

@: quick
A: very small, rF-, deformed body, speed 1, poison resistance, powered by death
1, slow metabolism 1, torment resistance, plant, rot immunity
a: no special abilities


You were in the Dungeon.
You were not hungry.

You visited 1 branch

Inventory:

Weapons
 a - a +0 flail (weapon)
Armour
 b - a +0 robe (worn)
Scrolls
 j - a scroll of blinking
Potions
 e - a potion of curing
 f - a potion of heal wounds
 g - a potion of haste
 h - 2 potions of magic
 i - a potion of berserk rage
Comestibles
 c - 6 chunks of flesh
 d - a ration


   Skills:
 + Level 3.8 Fighting
 * Level 5.6 Whips & Flails
 + Level 4.0 Dodging
 - Level 1.7 Stealth
 - Level 2.1 Spellcasting
   Level 3.0 Invocations


You had 5 spell levels left.
You knew the following spells:

 Your Spells              Type           Power        Failure   Level  Hunger
a - Flame Tongue          Fire           1 (40)       26%         1    ##.....

Your spell library contained the following spells:

 Spells                   Type           Power        Failure   Level  Hunger
 Blink                    Tloc           N/A          36%         2    ###....
 Call Imp                 Summ           1 (100)      36%         2    ###....
 Slow                     Hex            1 (100)      36%         2    ###....
 Conjure Flame            Fire           1 (100)      58%         3    ####...
 Mephitic Cloud           Pois/Air       1 (100)      58%         3    ####...


Dungeon Overview and Level Annotations

Branches:
Dungeon (1/1)

Altars:


Innate Abilities, Weirdness & Mutations

Your woody flesh burns easily. (rF-)
A tangle of shorter branches protects your body from attack. (+2 SH)
You are very small and have problems with some larger weapons.
You are too small for most types of armour.
Armour fits poorly on your strangely shaped body.
You cover ground quickly.
Your system is resistant to poisons. (rPois)
You regenerate a little health from kills.
You have a slow metabolism.
You are immune to unholy pain and torment.
You require very little carbon dioxide to survive.
You are immune to rotting.


Message History

* * * LOW HITPOINT WARNING * * *
You barely miss the cinder newt. x2; The cinder newt barely misses you (0).
Unknown command.
You hit the cinder newt (6).
The cinder newt is heavily wounded. (5/11) HP You hit the cinder newt but do no damage.
The cinder newt is heavily wounded. (5/11) HP The cinder newt misses you (0).
You closely miss the cinder newt. You miss the cinder newt.
The cinder newt completely misses you (0).
You miss the cinder newt. You hit the cinder newt (2).
The cinder newt is severely wounded. (3/11) HP The cinder newt misses you (0).
You hit the cinder newt (2).
The cinder newt is almost dead. (1/11) HP You miss the cinder newt.
The cinder newt is almost dead. (1/11) HP The cinder newt bites you (0).
The cinder newt burns you! The fire burns you terribly!
You die... ▓▓▓▓▓▓▓▓▓▓▓▓▓▓▓▓▓▓ +...Sal@....)...<▓ ▓▓▓▓▓▓▓▓▓▓▓▓▓▓▓▓▓▓

You could see a worker ant, a cinder newt and a ball python.

Vanquished Creatures
  A howler monkey (D)
  A bat (D)
  2 hobgoblins (D)
  A jackal (D)
  A kobold (D)
  A rat (D)
7 creatures vanquished.

Notes
Turn   | Place    | Note
-------+----------+-------------------------------------------
     0 | D        | Lanoc the Lignifite Demonspawn began the quest for the Orb.
     0 | D        | Reached XP level 1. HP: 12/12 MP: 4/4
    12 | D        | Reached skill level 3 in Whips & Flails
    80 | D        | Noticed a worker ant
    80 | D        | Noticed a howler monkey
    90 | D        | Killed a howler monkey
    90 | D        | Reached skill level 5 in Whips & Flails
    90 | D        | Gained mutation: You regenerate a little health from kills.
                  | [demonic ancestry]
    90 | D        | Reached XP level 2. HP: 8/22 MP: 6/6
    90 | D        | Reached XP level 3. HP: 10/27 MP: 7/7
   100 | D        | Slain by a cinder newt

Levels and vault maps discovered:
D:        linesprint [early_d, line_temple, items_1, d_10, items_2, lair_1,
          lair_end, items_3, orc_1, orc_end, items_4, d_15, swamp_1, shoals_1,
          snake_1, spider_1, d_20, vaults_1, items_5, swamp_end, shoals_end,
          snake_end, spider_end, vaults_end, d_27, items_6, zot_1, zot_end,
          crypt_end, forest_end, elf_end, slime_end, tomb_end, abyss_end,
          pan_hell_end]

Skill      XL: |  1 |
---------------+----+-----
Whips & Flails | 5 |  5.6
Dodging        | 4 |  4.0
Fighting       | 3 |  3.8
Stealth        | |  1.7
Spellcasting   | |  2.1
Invocations    | |  3.0

Action                   || total
-------------------------++-------
Melee: Flail             ||    41
       Unarmed           ||    34
Armor: Robe              ||     2
Dodge: Dodged            ||    42
